 Dungeon Crawl Stone Soup version 0.29-a0-234-g0dae59b3db (webtiles) character file.

Game seed: 13039505890897382772

48 dolemite99 the Digger (level 3, 0/30 HPs)
             Began as a Ghoul Earth Elementalist on Mar 4, 2022.
             Slain by an adder (2 damage)
             ... on level 2 of the Dungeon.
             The game lasted 00:03:28 (2295 turns).

dolemite99 the Digger (Ghoul Earth Elementalist)    Turns: 2295, Time: 00:03:29

Health: 0/30       AC:  2    Str: 13    XL:     3   Next: 72%
Magic:  1/4        EV: 12    Int: 10    God:
Gold:   138        SH:  0    Dex:  9    Spells: 1/5 levels left

rFire   . . .      SeeInvis .   a - +4 short sword
rCold   + . .      Faith    .   (no shield)
rNeg    + + +      Spirit   .   b - +0 robe
rPois   ∞          Reflect  .   (no helmet)
rElec   .          Harm     .   (no cloak)
rCorr   .          Rampage  .   (no gloves)
Will    .....                   (no boots)
Stlth   ++........              (no amulet)
HPRegen 0.00/turn               (no ring)
MPRegen 0.09/turn               (no ring)

@: very slightly contaminated, inhibited regen
A: claws 1, cold resistance 1, negative energy resistance 3, inhibited
regeneration, torment resistance 2
a: no special abilities


You were on level 2 of the Dungeon.
You visited 1 branch of the dungeon, and saw 2 of its levels.

You collected 138 gold pieces.

Inventory:

Hand Weapons
 a - a +4 short sword (weapon)
 d - a +0 dagger
 g - a +0 hunting sling
Armour
 b - a +0 robe (worn)
Jewellery
 i - a ring of protection from cold
Scrolls
 c - a scroll of acquirement {unknown}
 e - a scroll of identify {unknown}
 f - 3 scrolls of enchant weapon {unknown}


   Skills:
 - Level 2.3 Fighting
 * Level 0.2 Short Blades
 - Level 1.7 Dodging
 - Level 2.1 Stealth
 - Level 1.7 Spellcasting
 - Level 0.8 Transmutations
 - Level 4.2 Earth Magic


You had one spell level left.
You knew the following spells:

 Your Spells              Type           Power      Damage    Failure   Level
a - Sandblast             Erth           18%        2d7       6%          1
b - Stone Arrow           Conj/Erth      10%        3d7       38%         3

Your spell library contained the following spells:

 Spells                   Type           Power      Damage    Failure   Level
 Passwall                 Tmut/Erth      4%         N/A       17%         2
 Tukima's Dance           Hex            0%         N/A       67%         3
 Petrify                  Tmut/Erth      5%         N/A       75%         4
 Anguish                  Hex/Necr       0%         N/A       97%         4
 Enfeeble                 Hex            0%         N/A       100%        7


Dungeon Overview and Level Annotations

Branches:
Dungeon (2/15)

Altars:


Innate Abilities, Weirdness & Mutations

You thrive by killing the living.
You are immune to poison.
You have sharp fingernails.
Your flesh is cold resistant. (rC+)
You are immune to negative energy. (rN+++)
You do not regenerate when monsters are visible.
You are immune to unholy pain and torment.


Message History

* * * LOW HITPOINT WARNING * * *
The adder closely misses you.
It was a potion of magic.
Magic courses through your body. The adder closely misses you.
You closely miss the adder.
The adder is severely wounded.
The adder closely misses you.
You closely miss the adder.
The adder is severely wounded.
The adder bites you but does no damage. The adder closely misses you.
You closely miss the adder.
The adder is heavily wounded.
The adder bites you.
* * * LOW HITPOINT WARNING * * *
You hit the adder.
The adder is almost dead.
The adder completely misses you.
Casting: Stone Arrow (extremely dangerous; 38% risk of failure)
Confirm with . or Enter, or press ? or * to list all spells.
You don't have any stones to cast with.
Casting: Sandblast (safe; 6% risk of failure)
Confirm with . or Enter, or press ? or * to list all spells.
The spell is extremely dangerous to miscast (38% risk of failure)!
Continue anyway?
Aiming: Stone Arrow (extremely dangerous; 38% risk of failure)
Press: ? - help, Shift-Dir - straight line, f - adder
Aim: an adder (almost dead, 43% to hit)
You miscast Stone Arrow.
You are very lightly contaminated with residual magic.
Nothing appears to happen.
The adder misses you. The adder bites you.
* * * LOW HITPOINT WARNING * * *
You hit the adder but do no damage.
The adder is almost dead.
The adder bites you.
* * * LOW HITPOINT WARNING * * *
You aren't carrying any potions.
Unknown command.
You closely miss the adder.
The adder is almost dead.
The adder bites you.
You die...

##....[ #. .. ##....
#.# #.# #†... .. #.#
#.... #. ###.##
#.... #.###....#
#.... . #[.##....#
#....
....###.##.[..#
#....
.......SS@.#.#####
#....
J...###.##......[##
##### .
#.####.###..########
#.. ### ##..#......
##. ##........ #.
###..)... . #......
.. #...... #######


You could see 2 adders.

Vanquished Creatures
  An adder (D:1)
  3 worms (D:2)
  A dart slug (D:2)
  2 endoplasms
  4 goblins
  2 hobgoblins
  2 jackals (D:1)
  4 kobolds
  2 quokkas (D:1)
  A ball python (D:2)
  4 bats
  2 frilled lizards (D:1)
  A rat (D:1)
29 creatures vanquished.

Notes
Turn   | Place    | Note
-------+----------+-------------------------------------------
     0 | D:1      | dolemite99 the Ghoul Earth Elementalist began the quest for
                  | the Orb.
     0 | D:1      | Reached XP level 1. HP: 14/14 MP: 2/2
   424 | D:1      | Reached skill level 1 in Fighting
   477 | D:1      | Reached XP level 2. HP: 23/23 MP: 3/3
  1233 | D:1      | Reached skill level 4 in Earth Magic
  1233 | D:1      | Reached XP level 3. HP: 15/29 MP: 0/4
  1907 | D:2      | Learned a level 3 spell: Stone Arrow
  2295 | D:2      | Slain by an adder

Illustrated notes

Levels and vault maps discovered:
D:1:      kennysheep_arrival_seaside, layout_loops_ring, minmay_crystal_water
D:2:      layout_rooms, minmay_heptomino_d4

Skill      XL: |  1  2 |
---------------+-------+-----
Fighting       | 1 2 |  2.3
Earth Magic    | 4 |  4.2
Short Blades   | |  0.2
Dodging        | |  1.7
Stealth        | |  2.1
Spellcasting   | |  1.7
Transmutations | |  0.8

Action                   || total
-------------------------++-------
Melee: Dagger            ||    16
       Unarmed           ||     2
       Punch             ||     3
       Short sword       ||    42
 Fire: Hunting sling     ||    38
 Cast: Sandblast         ||    32
  Use: Potion            ||     1
Armor: Robe              ||    14
Dodge: Dodged            ||    68

Table legend: (Time is in decaauts)
 A = Elapsed time spent in this place.
 B = Non-inter-level travel time spent in this place.
 C = Inter-level travel time spent in this place.
 D = Time resting spent in this place.
 E = Time spent auto-exploring this place.
 F = Levels seen in this place.
 G = Mean time per level.
                   A        B        C        D        E       F      G
               +--------+--------+--------+--------+--------+-----+--------+
         Total |   2320 |   2271 |     49 |   1226 |    719 |   2 | 1160.0 |
       Dungeon |   2320 |   2271 |     49 |   1226 |    719 |   2 | 1160.0 |
               +--------+--------+--------+--------+--------+-----+--------+

Top non-repeatable levels by time:
     D:1: 1468 daAuts
     D:2: 851 daAuts
